 Dungeon Crawl Stone Soup version 0.30.0-19-g36f170ea60 (webtiles) character file.

Game seed: 18001825305728047068

121 monsoonserge the Cudgeller (level 4, -3/67 HPs)
             Began as a Troll Berserker on May 29, 2023.
             Was a Follower of Trog.
             Slain by a gnoll
             ... wielding a +0 flail
              (13 damage)
             ... on level 3 of the Dungeon.
             The game lasted 00:04:19 (2050 turns).

monsoonserge the Cudgeller (Troll Berserker)        Turns: 2050, Time: 00:04:19

Health: -3/67      AC:  4    Str: 27    XL:     4   Next: 76%
Magic:  3/3        EV: 10    Int:  3    God:    Trog [*.....]
Gold:   136        SH:  0    Dex:  9    Spells: 3/3 levels left

rFire   . . .        a - +0 mace
rCold   . . .        (no shield)
rNeg    . . .        b - +0 animal skin
rPois   .            (helmet restricted)
rElec   .            (no cloak)
rCorr   .            (gloves unavailable)
SInv    .            (boots unavailable)
Will    .....        (no amulet) Stlth
                     (no ring)
HPRegen 1.11/turn    (no ring)
MPRegen 0.08/turn

%: no passive effects
@: berserking (expiring), very quick
A: large, unfitting armour, claws 3, regeneration 1, shaggy fur 1, tough skin 1
a: Renounce Religion, Berserk


You were on level 3 of the Dungeon.
You worshipped Trog.
Trog was aware of your devotion.
You visited 1 branch of the dungeon, and saw 3 of its levels.

You collected 136 gold pieces.

Inventory:

Hand Weapons
 a - a +0 mace (weapon)
Missiles
 n - 5 poisoned darts (quivered)
 o - 4 atropa-tipped darts
 p - 3 javelins
Armour
 b - a +0 animal skin (worn)
Wands
 m - a wand of paralysis (7)
 s - a wand of light (4)
Scrolls
 d - a scroll of silence {unknown}
 f - a scroll of immolation {unknown}
 g - a scroll of enchant armour {unknown}
 i - 2 scrolls of identify {unknown}
 j - 3 scrolls of teleportation {unknown}
 k - a scroll of enchant weapon {unknown}
 l - 4 scrolls of poison {unknown}
 t - a scroll of vulnerability {unknown}
Potions
 c - 2 potions of invisibility {unknown}
 e - 2 potions of ambrosia {unknown}
 h - 3 potions of attraction {unknown}
 q - a potion of cancellation {unknown}
 r - a potion of haste {unknown}
 u - a potion of curing {unknown}


   Skills:
 + Level 3.1 Fighting
 + Level 3.9 Maces & Flails
 + Level 3.0 Dodging
 + Level 0.4 Stealth


You had 3 spell levels left.
You didn't know any spells.
Your spell library contained the following spells:

 Spells                   Type           Power      Damage    Failure   Level
 Magic Dart               Conj           0%         1d3       52%         1
 Call Imp                 Summ           0%         N/A       67%         2
 Inner Flame              Hex/Fire       0%         N/A       88%         3
 Mephitic Cloud           Conj/Pois/Air  0%         N/A       88%         3
 Ozocubu's Armour         Ice            0%         N/A       88%         3
 Flame Wave               Conj/Fire      0%         2d4       99%         4
 Sticky Flame             Conj/Fire      0%         2d3       99%         4
 Yara's Violent Unravell  Hex/Tmut       0%         3d3       100%        5
 Enfeeble                 Hex            0%         N/A       100%        7
 Ozocubu's Refrigeration  Ice            0%         4d7       100%        7


Dungeon Overview and Level Annotations

Branches:
Dungeon (3/15)

Altars:
Elyvilon
Wu Jian


Innate Abilities, Weirdness & Mutations

You are too large for most types of armour.
You have claws for hands.
Your natural rate of healing is unusually fast.
You are covered in fur. (AC +1)
You have tough skin. (AC +1)


Message History

Trog accepts your kill.
A gnoll comes into view. It is wielding a +0 halberd.
Things that are here:
a +0 club; a goblin corpse A gnoll is nearby!
A gnoll comes into view. It is wielding a +0 flail.
The gnoll shouts! x2
A gnoll comes into view. It is wielding a +0 spear.
The gnoll shouts!
The gnoll hits you from afar with a +0 halberd!
The gnoll barely misses you.
You completely miss the gnoll. The gnoll hits you with a +0 halberd.
You barely miss the gnoll. The gnoll hits you with a +0 halberd.
The gnoll barely misses you.
You hit the gnoll.
The gnoll is lightly wounded.
The gnoll hits you with a +0 halberd!
You barely miss the gnoll.
The gnoll is lightly wounded.
The gnoll hits you with a +0 halberd!
* * * LOW HITPOINT WARNING * * *
A red film seems to cover your vision as you go berserk!
You feel yourself moving faster!
You feel mighty! The gnoll barely misses you.
Unknown command.
You sock the gnoll!
The gnoll is severely wounded.
The gnoll hits you with a +0 halberd!
* * * LOW HITPOINT WARNING * * *
You completely miss the gnoll.
The gnoll is severely wounded.
The gnoll hits you with a +0 halberd.
* * * LOW HITPOINT WARNING * * *
You sock the gnoll!
You kill the gnoll!
Trog accepts your kill.
Press: ? - help, v - describe, . - travel
Here: a gnoll, wielding a +0 spear and wearing a +0 robe The floor.
You barely miss the gnoll. The gnoll hits you with a +0 flail!
You die...

###################
....g.g@...)......#
################.##
....># #.# #.##.#
#.# #.##.# #.# #
#######.##.# #.# #
#..........# #.# #
#.#####.##.######.#
# #...........#


You could see 2 gnolls.

Vanquished Creatures
  An orc priest (D:3)
  An orc wizard (D:3)
  A gnoll (D:3)
  An adder (D:2)
  A dart slug (D:1)
  3 orcs (D:3)
  3 bats
  7 endoplasms
  7 goblins
  4 hobgoblins
  A quokka (D:1)
  2 ball pythons
  A frilled lizard (D:3)
  5 kobolds
  5 rats
43 creatures vanquished.

Notes
Turn   | Place    | Note
-------+----------+-------------------------------------------
     0 | D:1      | monsoonserge the Troll Berserker began the quest for the
                  | Orb.
     0 | D:1      | Reached XP level 1. HP: 22/22 MP: 0/0
   203 | D:1      | Reached XP level 2. HP: 25/29 MP: 1/1
   211 | D:1      | Found a faded altar of an unknown god.
  1003 | D:2      | Reached XP level 3. HP: 34/36 MP: 2/2
  1230 | D:2      | Found a white marble altar of Elyvilon.
  1518 | D:3      | Reached ** piety under Trog
  1534 | D:3      | Reached XP level 4. HP: 9/44 MP: 3/3
  1856 | D:3      | Found an ornate altar of the Wu Jian Council.
  2050 | D:3      | Slain by a gnoll

Illustrated notes

Levels and vault maps discovered:
D:1:      dpeg_arrival_shrine, layout_loops_ring,
          shapermc_ecumenical_altar_pompeii
D:2:      layout_basic, basic_altar
D:3:      layout_basic, mainiacjoe_overflow_tiny_flanked

Skill      XL: |  1  2  3  4 |
---------------+-------------+-----
Maces & Flails | 3 |  3.9
Fighting       | 3 |  3.1
Dodging        | 3 |  3.0
Stealth        | |  0.4

Action                     |  1- 3 |  4- 6 || total
---------------------------+-------+-------++-------
  Melee: Mace              |   103 |    30 ||   133
         Punch             |     1 |       ||     1
 Invoke: Berserk           |     1 |     1 ||     2
   Stab: Sleeping          |     1 |       ||     1
 Armour: Animal skin       |    41 |     2 ||    43
  Dodge: Dodged            |    53 |    14 ||    67
